 Dungeon Crawl Stone Soup version 0.29.1-12-g30fa7ad0bf (webtiles) character file.

Game seed: 16062292274269231341

73 raph the Chopper (level 4, -1/39 HPs)
             Began as a Hill Orc Fighter on Dec 29, 2022.
             Slain by a hobgoblin
             ... wielding a +1 hand axe of flaming
              (2 damage)
             ... on level 2 of the Dungeon.
             The game lasted 00:01:36 (1387 turns).

raph the Chopper (Hill Orc Fighter)                 Turns: 1387, Time: 00:01:36

Health: -1/39      AC:  8    Str: 18    XL:     4   Next: 27%
Magic:  4/4        EV:  9    Int:  8    God:
Gold:   46         SH:  4    Dex: 12    Spells: 3/3 levels left

rFire   . . .      SeeInvis .   a - +0 war axe
rCold   . . .      Faith    .   c - +0 buckler
rNeg    . . .      Spirit   .   b - +0 scale mail
rPois   .          Reflect  .   (no helmet)
rElec   .          Harm     .   (no cloak)
rCorr   .          Rampage  .   (no gloves)
Will    .....                   f - +0 pair of boots
Stlth   ..........              (no amulet)
HPRegen 0.13/turn               (no ring)
MPRegen 0.09/turn               (no ring)

@: no status effects
A: no striking features
a: no special abilities


You were on level 2 of the Dungeon.
You visited 1 branch of the dungeon, and saw 2 of its levels.

You collected 46 gold pieces.

Inventory:

Hand Weapons
 a - a +0 war axe (weapon)
Missiles
 e - 12 poisoned darts (quivered)
Armour
 b - a +0 scale mail (worn)
 c - a +0 buckler (worn)
 f - a +0 pair of boots (worn)
Scrolls
 g - a scroll of fear {unknown}
 h - a scroll of noise {unknown}
 j - a scroll of torment {unknown}
 l - a scroll of fog {unknown}
Potions
 d - a potion of might
 i - a potion of heal wounds {unknown}
 k - a potion of mutation {unknown}


   Skills:
 - Level 3.6 Fighting
 + Level 5.9 Axes
 - Level 3.2 Armour
 - Level 3.2 Shields


You had 3 spell levels left.
You didn't know any spells.
Your spell library was empty.

Dungeon Overview and Level Annotations

Branches:
Dungeon (2/15)

Altars:


Message History

The hobgoblin burns you.
You hit the hobgoblin.
The hobgoblin is heavily wounded.
You closely miss the hobgoblin. You hit the hobgoblin but do no damage.
The hobgoblin hits you. The hobgoblin barely misses you.
You block the hobgoblin's attack. The hobgoblin barely misses you.
The hobgoblin closely misses you. You block the hobgoblin's attack.
You hit the hobgoblin but do no damage.
The hobgoblin is heavily wounded.
You hit the dart slug. You barely miss the hobgoblin. You hit the hobgoblin.
You block the dart slug's attack. The hobgoblin hits you.
The hobgoblin hits you but does no damage. x2
You slash the hobgoblin!
You kill the hobgoblin!
You hit the dart slug. You barely miss the hobgoblin.
You hit the hobgoblin but do no damage.
The hobgoblin hits you but does no damage.
You block the hobgoblin's attack. The dart slug completely misses you.
You hit the dart slug.
The dart slug is severely wounded.
You barely miss the hobgoblin. You slash the worm! You slash the hobgoblin!
You kill the hobgoblin!
The hobgoblin hits you with a +1 hand axe of flaming.
The hobgoblin burns you. The dart slug launches a dart at you.
The slug dart hits you. The worm bites you.
* * * LOW HITPOINT WARNING * * *
You are too injured to fight recklessly!
You are too injured to fight recklessly!
You are too injured to fight recklessly!
You are too injured to fight recklessly!
You are too injured to fight recklessly!
You hit the hobgoblin but do no damage.
The hobgoblin is lightly wounded.
You slash the worm! You hit the dart slug.
You kill the dart slug!
The hobgoblin hits you with a +1 hand axe of flaming!
* * * LOW HITPOINT WARNING * * *
The hobgoblin burns you.
You die...

####### ######## #.....#
#......#
#.##.####......###
.................#
.###.###########.#
...#†# #####.#######
.#.#.### #...†@)...<..
.#.....#####....gw......
.#......................
.#...#.#####......?.....
.###.#.# #.............
.#.....# #.[...?........
.#.#.### #....##.#......
#.#.# ..##< #.#......
#.#<#


You could see a worm and a hobgoblin.

Vanquished Creatures
  Natasha (D:2)
  2 adders (D:2)
  A dart slug (D:2)
  9 ball pythons
  2 endoplasms (D:1)
  A giant cockroach (D:1)
  3 goblins
  4 hobgoblins
  2 kobolds (D:1)
  A quokka (D:1)
  2 bats (D:1)
  3 rats (D:1)
31 creatures vanquished.

Vanquished Creatures (others)
  A demonic plant (D:1)
1 creature vanquished.

Grand Total: 32 creatures vanquished

Notes
Turn   | Place    | Note
-------+----------+-------------------------------------------
     0 | D:1      | raph the Hill Orc Fighter began the quest for the Orb.
     0 | D:1      | Reached XP level 1. HP: 19/19 MP: 1/1
    27 | D:1      | Reached skill level 3 in Axes
    38 | D:1      | Reached XP level 2. HP: 10/26 MP: 2/2
   377 | D:1      | Reached skill level 4 in Axes
   395 | D:1      | Found a faded altar of an unknown god.
   812 | D:1      | Reached XP level 3. HP: 31/31 MP: 3/3
  1131 | D:2      | Noticed Natasha
  1139 | D:2      | Killed Natasha
  1140 | D:2      | Reached skill level 5 in Axes
  1142 | D:2      | Reached XP level 4. HP: 12/39 MP: 4/4
  1387 | D:2      | HP: 1/39 [hobgoblin/+1 hand axe of flaming (7)]
  1387 | D:2      | Slain by a hobgoblin

Illustrated notes

Levels and vault maps discovered:
D:1:      heliophobic_arrival_battle_scene, layout_basic,
          dreamdust_ecumenical_altar_sealed_demon, minmay_bisected
D:2:      layout_basic, basic_altar, minmay_pentomino_v4, uniq_natasha,
          uniq_sigmund

Skill      XL: |  1  2  3 |
---------------+----------+-----
Axes           | 3 4 5 |  5.9
Fighting       | |  3.6
Armour         | |  3.2
Shields        | |  3.2

Action                   |  1- 3 |  4- 6 || total
-------------------------+-------+-------++-------
Melee: War axe           |    55 |    12 ||    67
Armor: Scale mail        |    28 |     7 ||    35
Dodge: Dodged            |    31 |    11 ||    42
Block: Buckler           |    13 |     7 ||    20
